 Dungeon Crawl Stone Soup version 0.28-a0-1190-g77e1c55843 (webtiles) character file.

Game seed: 17513510816541798636

828 Conn the Sneak (level 7, -1/43 HPs)
             Began as an Octopode Fire Elementalist on Dec 18, 2021.
             Succumbed to an orc wizard's poison
             ... on level 4 of the Dungeon.
             The game lasted 00:08:51 (4842 turns).

Conn the Sneak (Octopode Fire Elementalist)         Turns: 4842, Time: 00:08:52

Health: -1/43      AC:  1    Str: 14    XL:     7   Next: 97%
Magic:  13/13      EV: 13    Int: 19    God:
Gold:   232        SH:  0    Dex: 12    Spells: 1/14 levels left

rFire   . . .      SeeInvis .   h - +1 dagger (drain)
rCold   . . .      Faith    .   (no shield)
rNeg    . . .      Spirit   .   (helmet restricted)
rPois   .          Reflect  .   (no amulet)
rElec   .          Harm     .   g - +6 ring of strength
rCorr   .          Rampage  .   (no ring)
Will    .....                   (no ring)
Stlth   ++++......              (no ring)
HPRegen 0.14/turn               (no ring)
MPRegen 0.13/turn               (no ring)
                                (no ring)
                                (no ring)

@: lethally poisoned (-1 -> -12), on berserk cooldown, slowed, very slow
A: almost no armour, amphibious, 8 rings, camouflage 1, gelatinous body 1,
(nimble swimmer 1), tentacles
a: no special abilities


You were on level 4 of the Dungeon.
You visited 1 branch of the dungeon, and saw 4 of its levels.
You also visited: Sewer.

You collected 232 gold pieces.

Inventory:

Hand Weapons
 e - a +0 dagger
 h - a +1 dagger of draining (weapon)
Missiles
 p - a curare-tipped dart
Jewellery
 g - a +6 ring of strength (left tentacle)
 q - a ring of flight
Scrolls
 b - 2 scrolls of summoning {unknown}
 d - 3 scrolls of noise
 i - a scroll of identify {unknown}
 k - 4 scrolls of teleportation {unknown}
 l - 2 scrolls of fog {unknown}
 m - a scroll of magic mapping {unknown}
 n - a scroll of enchant weapon {unknown}
Potions
 f - a potion of resistance {unknown}
 j - 3 potions of curing {unknown}
 o - 4 potions of flight
 r - a potion of mutation {unknown}


   Skills:
 + Level 1.1 Fighting
 + Level 2.0 Short Blades
 + Level 2.6 Dodging
 + Level 5.8 Stealth
 + Level 0.1 Unarmed Combat
 + Level 4.3 Spellcasting
 + Level 3.3 Conjurations
 + Level 5.2 Fire Magic


You had one spell level left.
You knew the following spells:

 Your Spells              Type           Power      Damage    Failure   Level
a - Foxfire               Conj/Fire      80%        2x1d8     2%          1
b - Conjure Flame         Conj/Fire      20%        6-21      7%          3
c - Inner Flame           Hex/Fire       14%        N/A       14%         3
d - Flame Wave            Conj/Fire      20%        2d6       22%         4
e - Scorch                Fire           48%        2d7       2%          2

Your spell library contained the following spells:

 Spells                   Type           Power      Damage    Failure   Level
 Beastly Appendage        Tmut           8%         N/A       13%         1
 Ignite Poison            Fire/Tmut/Pois 10%        N/A       19%         3
 Wereblood                Tmut           4%         N/A       21%         2
 Mephitic Cloud           Conj/Pois/Air  8%         N/A       26%         3
 Frozen Ramparts          Ice            8%         1d2       36%         3
 Spider Form              Tmut/Pois      4%         N/A       36%         3
 Cause Fear               Hex            2%         N/A       78%         4
 Ice Form                 Ice/Tmut       4%         N/A       78%         4
 Summon Ice Beast         Ice/Summ       4%         N/A       78%         4
 Freezing Cloud           Conj/Ice/Air   4%         6-21      93%         5
 Dragon Form              Tmut           2%         N/A       100%        7
 Dragon's Call            Summ           2%         N/A       100%        9


Dungeon Overview and Level Annotations

Branches:
Dungeon (4/15)              Sewer (visited)
 Temple: D:4-7

Altars:
Zin

Shops:
D:2 *:(

Annotations:
D:4 Ijyb


Innate Abilities, Weirdness & Mutations

You cannot wear most types of armour.
You are amphibious.
You can wear up to eight rings at the same time.
Your skin changes colour to match your surroundings (Stealth+).
Your rubbery body absorbs attacks. (AC +1, EV +1)
((You are camouflaged near water. (Stealth+)))
You have tentacles for arms and can constrict up to eight enemies at once.


Message History

Something hits you.
You are lethally poisoned!
You puncture something!
Reactivating autopickup.
You feel a bit more experienced.
* * * LOW HITPOINT WARNING * * *
You feel very sick.
You barely miss the orc wizard. Your grab misses the orc wizard.
* * * LOW HITPOINT WARNING * * *
You feel very sick.
You puncture the orc wizard! Your grab misses the orc wizard.
The orc wizard is severely wounded.
* * * LOW HITPOINT WARNING * * *
You feel very sick.
The orc wizard hits you with a +4 dagger.
* * * LOW HITPOINT WARNING * * *
You puncture the orc wizard!
You kill the orc wizard!
* * * LOW HITPOINT WARNING * * *
You feel very sick.
* * * LOW HITPOINT WARNING * * *
You feel very sick.
Items here: )) [[ ††.
You are too berserk!
You are too berserk!
You are too berserk!
You are too berserk!
You feel a strong urge to attack something.
* * * LOW HITPOINT WARNING * * *
You feel sick.
You are too berserk!
You are too berserk!
You are too berserk!
You are too berserk!
You are too berserk!
You are too berserk!
You are no longer berserk.
You are exhausted.
You feel yourself slow down.
You die...

#.# #.# #.# #.#
#.#.# #.# #)#.# #.#
#o#.# #.# #.#.# #.#
#)#.# #.# #.#.# #.#
#@#.# #.#
#######.#§########.#
§§.v...............#
#######.##########.#
### ###


You could see an orc.

Vanquished Creatures
  Grinder (D:4)
  Menkaure (D:4)
  A phantom (D:4)
  A kobold brigand (D:4)
  A scorpion (D:4)
  A gnoll shaman (D:4)
  3 orc wizards
  8 gnolls
  2 adders
  7 worms
  2 dart slugs
  7 orcs
  9 endoplasms
  11 giant cockroaches
  5 goblins
  2 hobgoblins
  4 jackals (Sewer)
  25 kobolds
  5 quokkas
  8 ball pythons
  12 bats
  4 frilled lizards
  6 rats
126 creatures vanquished.

Vanquished Creatures (collateral kills)
  13 foxfires
13 creatures vanquished.

Vanquished Creatures (others)
  313 foxfires
  A fungus (D:1)
  62 plants (D:4)
376 creatures vanquished.

Grand Total: 515 creatures vanquished

Notes
Turn   | Place    | Note
-------+----------+-------------------------------------------
     0 | D:1      | Conn the Octopode Fire Elementalist began the quest for the
                  | Orb.
     0 | D:1      | Reached XP level 1. HP: 11/11 MP: 3/3
   278 | D:1      | Reached XP level 2. HP: 17/17 MP: 1/5
   627 | D:1      | Found a faded altar of an unknown god.
   832 | D:2      | Found Etwassa's Antique Weapon Shop.
   938 | D:2      | Reached XP level 3. HP: 21/21 MP: 6/6
  1741 | D:2      | Found Pafaisum's General Store.
  1797 | D:2      | Found Beil's Book Boutique.
  1867 | D:2      | Learned a level 3 spell: Conjure Flame
  1871 | D:2      | Learned a level 3 spell: Inner Flame
  2020 | D:3      | Reached XP level 4. HP: 27/27 MP: 0/7
  2552 | D:3      | Found a glowing silver altar of Zin.
  2561 | D:3      | Reached skill level 1 in Short Blades
  2561 | D:3      | Reached XP level 5. HP: 30/32 MP: 4/9
  2924 | D:4      | Found a glowing drain.
  2942 | Sewer    | Entered a sewer
  3775 | D:4      | Reached skill level 5 in Stealth
  3775 | D:4      | Reached XP level 6. HP: 19/37 MP: 1/10
  4135 | D:4      | Noticed Ijyb
  4499 | D:4      | Reached XP level 7. HP: 36/42 MP: 4/12
  4575 | D:4      | Learned a level 4 spell: Flame Wave
  4578 | D:4      | Learned a level 2 spell: Scorch
  4614 | D:4      | Noticed Grinder
  4629 | D:4      | Killed Grinder
  4630 | D:4      | Reached skill level 1 in Fighting
  4710 | D:4      | Noticed Menkaure
  4717 | D:4      | Killed Menkaure
  4718 | D:4      | Reached skill level 5 in Fire Magic
  4841 | D:4      | HP: 2/64 [poisoned by an orc wizard]
  4842 | D:4      | Succumbed to an orc wizard's poison

Illustrated notes

Levels and vault maps discovered:
D:1:      amcnicky_arrival_wind_blow, layout_rooms,
          shapermc_ecumenical_altar_mp_urbaneastern, serial_bayou_pond_d
D:2:      layout_basic, serial_shops, nicolae_shop_trees,
          nicolae_shop_window_shopping, shop_statue, minmay_worlds_worst_comb
D:3:      layout_rooms, zin_statuary
D:4:      kennysheep_kobold_camp, layout_basic, cheibrodos_sewer_entry_drain,
          chequers_serial_rivers_micro_b, uniq_menkaure, uniq_ijyb, uniq_grinder

Skill      XL: |  1  2  3  4  5  6  7 |
---------------+----------------------+-----
Stealth        | 3 4 5 |  5.8
Short Blades   | 1 2 |  2.0
Spellcasting   | 3 4 |  4.3
Fire Magic     | 4 5 |  5.2
Conjurations   | 2 3 |  3.3
Fighting       | 1 |  1.1
Dodging        | |  2.6
Unarmed Combat | |  0.1

Action                   |  1- 3 |  4- 6 |  7- 9 || total
-------------------------+-------+-------+-------++-------
Melee: Unarmed           |    11 |       |       ||    11
       Constrict         |    10 |    11 |       ||    21
       Dagger            |    29 |    38 |    10 ||    77
       Tentacles         |     2 |    11 |       ||    13
       Punch             |       |     1 |       ||     1
 Cast: Foxfire           |    61 |   112 |    19 ||   192
  Use: Potion            |       |     2 |     2 ||     4
 Stab: Sleeping          |     9 |     7 |     1 ||    17
Armor: Skin              |     5 |     4 |     1 ||    10
Dodge: Dodged            |    26 |    29 |     2 ||    57

Table legend: (Time is in decaauts)
 A = Elapsed time spent in this place.
 B = Non-inter-level travel time spent in this place.
 C = Inter-level travel time spent in this place.
 D = Time resting spent in this place.
 E = Time spent auto-exploring this place.
 F = Levels seen in this place.
 G = Mean time per level.
                   A        B        C        D        E       F      G
               +--------+--------+--------+--------+--------+-----+--------+
         Total |   4855 |   4755 |    100 |    469 |   3202 |   5 |  971.0 |
       Dungeon |   4043 |   3943 |    100 |    251 |   2790 |   4 | 1010.8 |
         Sewer |    812 |    812 |      0 |    217 |    412 |   1 |  812.0 |
               +--------+--------+--------+--------+--------+-----+--------+

Top non-repeatable levels by time:
     D:3: 1327 daAuts
     D:2: 1219 daAuts
     D:4: 836 daAuts
   Sewer: 812 daAuts
     D:1: 660 daAuts
